 Dungeon Crawl Stone Soup version 0.28-a0-1184-g53156a8862 (webtiles) character file.

Game seed: 3553907631596926805

110 lonewolfV2 the Firebug (level 4, 0/33 HPs)
             Began as a Draconian Fire Elementalist on Dec 17, 2021.
             Slain by a goblin (2 damage)
             ... led by Robin
             ... on level 3 of the Dungeon.
             The game lasted 00:05:06 (3473 turns).

lonewolfV2 the Firebug (DrFE)                       Turns: 3473, Time: 00:05:06

Health: 0/33       AC:  5    Str: 10    XL:     4   Next: 61%
Magic:  8/8        EV: 12    Int: 17    God:
Gold:   63         SH:  0    Dex: 12    Spells: 5/8 levels left

rFire   . . .      SeeInvis .   (no weapon)
rCold   . . .      Faith    .   (no shield)
rNeg    . . .      Spirit   .   (armour unavailable)
rPois   .          Reflect  .   (helmet restricted)
rElec   .          Harm     .   (no cloak)
rCorr   .          Rampage  .   (no gloves)
Will    .....                   (no boots)
Stlth   ++........              (no amulet)
HPRegen 0.11/turn               (no ring)
MPRegen 0.11/turn               (no ring)

@: no status effects
A: AC +5, unfitting armour, cold-blooded
a: no special abilities


You were on level 3 of the Dungeon.
You visited 1 branch of the dungeon, and saw 3 of its levels.

You collected 63 gold pieces.

Inventory:

Wands
 b - a wand of iceblast (7)
Potions
 a - 2 potions of brilliance {unknown}
 c - a potion of mutation {unknown}
 d - a potion of curing {unknown}


   Skills:
 + Level 2.0 Dodging
 + Level 1.9 Stealth
 + Level 0.7 Unarmed Combat
 + Level 2.9 Spellcasting
 + Level 2.0 Conjurations
 + Level 4.1 Fire Magic


You had 5 spell levels left.
You knew the following spells:

 Your Spells              Type           Power      Damage    Failure   Level
a - Foxfire               Conj/Fire      48%        2x1d6     4%          1
b - Scorch                Fire           32%        2d6       4%          2

Your spell library contained the following spells:

 Spells                   Type           Power      Damage    Failure   Level
 Conjure Flame            Conj/Fire      12%        6-21      16%         3
 Static Discharge         Conj/Air       5%         N/A       19%         2
 Inner Flame              Hex/Fire       9%         N/A       22%         3
 Flame Wave               Conj/Fire      12%        2d5       45%         4
 Sticky Flame             Conj/Fire      12%        2d4       45%         4
 Dispel Undead            Necr           2%         3d7       87%         4
 Summon Cactus Giant      Summ           1%         N/A       100%        6


Dungeon Overview and Level Annotations

Branches:
Dungeon (3/15)

Altars:

Annotations:
D:3 Robin


Innate Abilities, Weirdness & Mutations

Your plain brown scales are hard. (AC +5)
You cannot fit into any form of body armour.
You are cold-blooded and may be slowed by cold attacks.


Message History

A goblin comes into view. It is wielding a +0 club.
You barely miss the goblin.
Robin laughs in a distinctly smug fashion.
The goblin completely misses you.
You barely miss the goblin. Robin throws the goblin at you!
The goblin hits you with a +0 club. The goblin closely misses you.
You hit the goblin.
The goblin is heavily wounded.
The goblin misses you. The goblin closely misses you.
You hit the goblin.
You kill the goblin!
The goblin closely misses you.
You closely miss the goblin. The goblin hits you with a +0 club.
The goblin misses you.
You hit the goblin.
You kill the goblin!
The goblin hits you with a +0 club.
You hit the goblin.
The goblin is heavily wounded.
The goblin hits you with a +0 club. The goblin hits you but does no damage.
You hit the goblin.
You kill the goblin!
The goblin hits you with a +0 club.
You closely miss the goblin. You tail-slap the goblin.
The goblin is heavily wounded.
The goblin hits you with a +0 club.
* * * LOW HITPOINT WARNING * * *
The goblin barely misses you.
You miss the goblin.
The goblin is heavily wounded.
The goblin no longer looks unusually strong. x2
The goblin hits you with a +0 club.
* * * LOW HITPOINT WARNING * * *
The goblin hits you but does no damage.
You hit the goblin.
You kill the goblin!
Robin throws the goblin at you! The goblin hits you with a +0 club.
* * * LOW HITPOINT WARNING * * *
The goblin hits you with a +0 club.
You die...

#.# #.#.#.#
#.# #.#.#.#
#.###.#.#.#
#.......#.#
#.........#
#####.#####
#.#
#.##########.
#...g@g.g....
#############


You could see Robin and 2 goblins.

Vanquished Creatures
  Jessica (D:2)
  3 adders (D:2)
  3 dart slugs
  3 endoplasms
  2 giant cockroaches
  8 goblins
  6 hobgoblins
  3 jackals (D:2)
  3 kobolds (D:1)
  2 quokkas (D:1)
  3 ball pythons (D:1)
  6 bats
  3 frilled lizards (D:1)
  4 rats
50 creatures vanquished.

Vanquished Creatures (others)
  68 foxfires
68 creatures vanquished.

Grand Total: 118 creatures vanquished

Notes
Turn   | Place    | Note
-------+----------+-------------------------------------------
     0 | D:1      | lonewolfV2 the Draconian Fire Elementalist began the quest
                  | for the Orb.
     0 | D:1      | Reached XP level 1. HP: 14/14 MP: 3/3
   546 | D:1      | Reached XP level 2. HP: 18/20 MP: 0/5
   576 | D:1      | Learned a level 2 spell: Scorch
   717 | D:1      | Found a faded altar of an unknown god.
  1729 | D:2      | Reached XP level 3. HP: 22/26 MP: 0/6
  2652 | D:2      | Noticed Jessica
  2655 | D:2      | Killed Jessica
  2656 | D:2      | Reached skill level 4 in Fire Magic
  2656 | D:2      | Reached XP level 4. HP: 33/33 MP: 5/8
  3458 | D:3      | Noticed Robin
  3473 | D:3      | Slain by a goblin

Illustrated notes

Levels and vault maps discovered:
D:1:      dpeg_arrival_round_c, layout_basic, shapermc_ecumenical_altar_venn,
          minmay_misc_feat_hallway, kennysheep_flooded_box
D:2:      layout_basic, uniq_jessica
D:3:      layout_loops_corners, serial_bayou_lagoon_a, grunt_ministairs_15,
          uniq_robin

Skill      XL: |  1  2  3  4 |
---------------+-------------+-----
Dodging        | 2 |  2.0
Fire Magic     | 4 |  4.1
Conjurations   | 2 |  2.0
Stealth        | |  1.9
Unarmed Combat | |  0.7
Spellcasting   | |  2.9

Action                   |  1- 3 |  4- 6 || total
-------------------------+-------+-------++-------
Melee: Unarmed           |    62 |    43 ||   105
       Tailslap          |     9 |     4 ||    13
 Cast: Foxfire           |    64 |     6 ||    70
       Scorch            |    10 |     2 ||    12
  Use: Scroll            |     2 |       ||     2
Armor: Skin              |    27 |     9 ||    36
Dodge: Dodged            |    60 |    31 ||    91

Table legend: (Time is in decaauts)
 A = Elapsed time spent in this place.
 B = Non-inter-level travel time spent in this place.
 C = Inter-level travel time spent in this place.
 D = Time resting spent in this place.
 E = Time spent auto-exploring this place.
 F = Levels seen in this place.
 G = Mean time per level.
                   A        B        C        D        E       F      G
               +--------+--------+--------+--------+--------+-----+--------+
         Total |   3476 |   3386 |     90 |    211 |   2674 |   3 | 1158.7 |
       Dungeon |   3476 |   3386 |     90 |    211 |   2674 |   3 | 1158.7 |
               +--------+--------+--------+--------+--------+-----+--------+

Top non-repeatable levels by time:
     D:2: 1881 daAuts
     D:1: 1496 daAuts
     D:3: 99 daAuts
